 Dungeon Crawl Stone Soup version 0.23-a0-619-g281719c (console) character file.

299 Duffy the Conjurer (level 6, -4/49 HPs)
             Began as a Naga Fire Elementalist on Dec 22, 2018.
             Splashed by a jelly's acid (8 damage)
             ... on level 5 of the Dungeon.
             The game lasted 00:02:56 (1640 turns).

Duffy the Conjurer (Naga Fire Elementalist)         Turns: 1640, Time: 00:02:56

Health: -4/49      AC: -5    Str: 10    XL:     6   Next: 36%
Magic:  3/10       EV: 10    Int: 18    God:
Gold:   41         SH:  0    Dex: 11    Spells: 2/10 levels left

rFire    . . .     SeeInvis +   c - 2 rations
rCold    . . .     Gourm    .   (no shield)
rNeg     . . .     Faith    .   a - +0 robe
rPois    +         Spirit   .   (no helmet)
rElec    .         Reflect  .   (no cloak)
rCorr    .         Harm     .   (no gloves)
MR       .....                  (no barding)
Stlth    ++........             (no amulet)
HPRegen  0.16/turn              (no ring)
MPRegen  0.12/turn              (no ring)

@: corroded, very slow
A: large, see invisible, deformed body, poison resistance, slowness 2, slow
metabolism 1, spit poison 1, AC +2
a: Spit Poison


You were on level 5 of the Dungeon.
You were not hungry.

You visited 1 branch of the dungeon, and saw 5 of its levels.

You collected 41 gold pieces.

Inventory:

Armour
 a - a +0 robe (worn)
Wands
 i - a wand of random effects (16)
Scrolls
 d - a scroll of fog {unknown}
 e - a scroll of remove curse {unknown}
 g - a scroll of teleportation {unknown}
 h - 2 scrolls of amnesia {unknown}
Potions
 b - 2 potions of ambrosia {unknown}
 f - a potion of curing {unknown}
Comestibles
 c - 2 rations (in hand)
 j - a chunk of flesh


   Skills:
 - Level 1.5 Dodging
 - Level 3.0 Stealth
 + Level 2.9 Spellcasting
 * Level 4.5 Conjurations
 * Level 4.5 Fire Magic


You had 2 spell levels left.
You knew the following spells:

 Your Spells              Type           Power        Failure   Level  Hunger
h - Flame Tongue          Conj/Fire      ###..        2%          1    None
j - Sticky Flame          Conj/Fire      ###.....     26%         4    ####...
l - Conjure Flame         Conj/Fire      ###.....     8%          3    ###....

Your spell library contained the following spells:

 Spells                   Type           Power        Failure   Level  Hunger
 Throw Flame              Conj/Fire      ###...       3%          2    ##.....
 Inner Flame              Hex/Fire       ##......     19%         3    ###....
 Fireball                 Conj/Fire      ###.......   56%         5    ######.


Dungeon Overview and Level Annotations

Branches:
Dungeon (5/15)
 Temple: D:4-7

Altars:
Dithmenos


Innate Abilities, Weirdness & Mutations

You cannot wear boots.
Your serpentine skin is tough. (AC +2)
You have supernaturally acute eyesight. (SInv)
Armour fits poorly on your strangely shaped body.
Your system is resistant to poisons. (rPois)
You cover ground very slowly.
You have a slow metabolism.
You can spit poison.


Message History

You see here a +0 short sword.
There is a stone staircase leading down, spattered with blood here.
Items here: %% ) [ a +0 leather armour; a +0 club; an adder corpse; the goblin skeleton of Ijyb
There is a stone staircase leading down, spattered with blood here.
You climb downwards.
You hear the hiss of flowing sand.
There is an entrance to an ossuary on this level.
Hurry and find it before the The jelly hits you.
The acid corrodes you!
You are splashed with acid!
The acid burns!
There is a stone staircase leading up, spattered with blood here.
Evoke which item? (* to show all) (? for menu, Esc to quit)
Aiming: Random Effects
Press: ? - help, Shift-Dir - straight line, f - jelly
Aim: a jelly The bolt of poison hits the jelly.
The jelly is poisoned.
The jelly is moderately wounded.
The jelly hits you. The acid corrodes you!
You are splashed with acid!
The acid burns!
You die...

.....#.# #. ......# #. ##
.....# #. .. ....#
#>##### #.
#...#####...... ..
#..............
#.#.#[#####.......#....(#
......J@.............<..#
#.###.............#.....#
#######.......#......
#.......#####..
#..............
.......#.#........
########.######### #.# #
#.# #


You could see a jelly.

Vanquished Creatures
  A phantom (D:3)
  An ogre (D:4)
  Ijyb (D:4)
  2 orc wizards
  3 adders (D:4)
  An ooze (D:2)
  A dart slug (D:2)
  A leopard gecko (D:1)
  4 orcs
  2 goblins
  4 jackals
  2 kobolds
  2 bats
  2 frilled lizards
  A rat (D:2)
28 creatures vanquished.

Vanquished Creatures (others)
  An orc (D:4)
  A quokka (D:4)
2 creatures vanquished.

Grand Total: 30 creatures vanquished

Notes
Turn   | Place    | Note
-------+----------+-------------------------------------------
     0 | D:1      | Duffy the Naga Fire Elementalist began the quest for the
                  | Orb.
     0 | D:1      | Reached XP level 1. HP: 15/15 MP: 3/3
   223 | D:2      | Reached XP level 2. HP: 22/22 MP: 0/5
   590 | D:2      | Reached XP level 3. HP: 19/28 MP: 3/6
   764 | D:3      | Learned a level 3 spell: Conjure Flame
   954 | D:4      | Noticed a phantom
  1118 | D:3      | Killed a phantom
  1118 | D:3      | Reached XP level 4. HP: 3/36 MP: 0/7
  1118 | D:3      | Reached XP level 5. HP: 3/42 MP: 0/8
  1449 | D:4      | Noticed an ogre
  1456 | D:4      | Killed an ogre
  1456 | D:4      | Reached XP level 6. HP: 49/49 MP: 4/10
  1462 | D:4      | Learned a level 4 spell: Sticky Flame
  1567 | D:5      | Entered Level 5 of the Dungeon
  1567 | D:5      | Found a shadowy altar of Dithmenos.
  1602 | D:5      | Noticed Ijyb
  1611 | D:4      | Killed Ijyb
  1640 | D:5      | Splashed by a jelly's acid

Vault maps used:
D:1:      scummos_arrival_simple_crosswalls
D:2:      old_standard_altar, uniq_jessica
D:3:      first_ration
D:4:      elyvilon_altar_4
D:5:      minmay_temple_entry_glass, gammafunk_ghost_mausoleum, enter_ossuary_2,
          serial_bayou_pond_e, minmay_misc_feat_rows, grunt_dithmenos_smoke,
          uniq_ijyb

Skill      XL: |  1  2  3  4  5 |
---------------+----------------+-----
Conjurations   | 2 3 4 |  4.5
Fire Magic     | 4 |  4.5
Dodging        | |  1.5
Stealth        | |  3.0
Spellcasting   | |  2.9

Action                   |  1- 3 |  4- 6 || total
-------------------------+-------+-------++-------
 Cast: Flame Tongue      |    53 |    21 ||    74
 Abil: Spit Poison       |     9 |     6 ||    15
Evoke: Wand              |       |     9 ||     9
  Eat: Chunk             |       |     3 ||     3
Armor: Robe              |     6 |     9 ||    15
Dodge: Dodged            |    23 |    13 ||    36

Table legend:
 A = Non-vault XP
 B = Vault XP
 C = Vault XP percentage of total XP
 D = Non-vault monster count
 E = Vault monster count
 F = Vault count percentage of total count
                 A         B        C        D         E       F
            +---------+---------+-------+---------+---------+-------
      Total |     395 |      33 |   7.7 |      27 |       1 |   3.6
            +---------+---------+-------+---------+---------+-------
        D:1 |       9 |       0 |   0.0 |       5 |       0 |   0.0
        D:2 |      22 |       0 |   0.0 |       9 |       0 |   0.0
        D:3 |     133 |       0 |   0.0 |       6 |       0 |   0.0
        D:4 |     191 |      33 |  14.7 |       6 |       1 |  14.3
        D:5 |      40 |       0 |   0.0 |       1 |       0 |   0.0
            +---------+---------+-------+---------+---------+-------
